 Dungeon Sprint DCSS version 0.15-a0-1224-g3833f9c (webtiles) character file.

1100000 PolkaDot the Sensei (level 12, -11/81 HPs)
             Began as a Vampire Transmuter on June 2, 2014.
             Mangled by a meat berserker
             ... wielding a +9,+9 battleaxe
              (44 damage)
             ... in the Dungeon (Sprint VIII: "Arena of Blood").
             The game lasted 00:01:39 (11 turns).

PolkaDot the Sensei (Vampire Transmuter)              Turns: 11, Time: 00:01:40

HP -11/81        AC  2     Str 10      XL: 12   Next: 50%
MP   4/33        EV 23     Int 15      God:
Gold 0           SH  0     Dex 17      Spells:  0 memorised, 38 levels left

rFire  . . .     SeeInvis +       - Unarmed
rCold  . . .     Clarity  .     c - +0 robe
rNeg   + . .     rCorr    .     (no shield)
rPois  .         rRot     .     (no helmet)
rElec  .         Spirit   .     (no cloak)
SustAb .         Warding  .     (no gloves)
rMut   .         NoTele   +     (no boots)
Gourm  .                        (no amulet)
MR     +....                    (no ring)
                                (no ring)

@: very slightly contaminated, hasted, very quick, somewhat resistant to hostile
enchantments, unstealthy
A: bottle blood, fangs 3, see invisible, unbreathing
a: Bat Form, Bottle Blood


You were in the Dungeon.
You were not thirsty.

You visited 1 branch

Inventory:

Hand weapons
 k - the +∞,+∞ Axe of Woe
   (You found it in the Dungeon)
Missiles
 b - 12 arrows
Armour
 c - a +0 robe (worn)
Scrolls
 j - a scroll of blinking
Potions
 a - a potion of blood {@w2}
 e - a potion of curing
 h - 2 potions of magic
 i - a potion of berserk rage
Books
 d - a book of Changes

   Spells                             Type                      Level
   Beastly Appendage                  Transmutation                1
   Sticks to Snakes                   Transmutation                2
   Spider Form                        Transmutation/Poison         3
   Ice Form                           Ice/Transmutation            4
   Blade Hands                        Transmutation                5


   Skills:
 + Level 3.1 Fighting
 + Level 3.3 Axes
 * Level 14.2 Dodging
 + Level 24.7 Unarmed Combat
 - Level 13.8 Spellcasting
   Level 2.1 Transmutations


You had 38 spell levels left.
You didn't know any spells.

Dungeon Overview and Level Annotations

Branches:
Dungeon (1/1)

Altars:
Makhleb


Innate Abilities, Weirdness & Mutations

You can bottle blood from corpses.
You have razor-sharp teeth.*
You have supernaturally acute eyesight.
You can survive without breathing.*


Message History

You hear a shout! x5
Wield which item (- for none, * to show all)? (? for menu, Esc to quit)
Okay, then.
Drink which item? (? for menu, Esc to quit)
Okay, then.
Drink which item? (? for menu, Esc to quit)
You feel much better.
You hear a shout! x9
Drink which item? (? for menu, Esc to quit)
You feel yourself speed up.
You hear a shout! x11
You are very lightly contaminated with residual magic. 2 orcs and an ogre come into view.
You hit the meat berserker.
You bite the meat berserker, but do no damage.
The meat berserker is lightly wounded.
You hear a shout! x4
The meat berserker hits you with a +9,+9 battleaxe!!!
Ouch! That really hurt!
You die...

#.# .......oo
...........
...........
...........
..........
#.......#
#.....).# ..
.###....O@.###....
......###.....O...
......._..........
...#.....#.......
#_.<._#......
#.....#......
....._.........
......###.......
.###.. ...###.


You could see 2 meat berserkers and 2 bags of meat.

Vanquished Creatures
  2 orcs (D)
2 creatures vanquished.

Notes
Turn   | Place    | Note
--------------------------------------------------------------
     0 | D        | PolkaDot, the Vampire Transmuter, began the quest for the Orb.
     0 | D        | Reached XP level 1. HP: 14/14 MP: 3/3
     3 | D        | Noticed a bag of meat
     4 | D        | Noticed a bag of meat
     6 | D        | Killed a bag of meat
     6 | D        | Reached skill level 12 in Dodging
     6 | D        | Reached skill level 22 in Unarmed Combat
     6 | D        | Reached XP level 2. HP: 5/23 MP: 3/18
     6 | D        | Reached XP level 3. HP: 6/28 MP: 3/20
     6 | D        | Reached XP level 4. HP: 7/34 MP: 3/22
     6 | D        | Reached XP level 5. HP: 8/39 MP: 3/24
     6 | D        | Reached XP level 6. HP: 9/46 MP: 3/25
     6 | D        | Reached XP level 7. HP: 9/51 MP: 3/27
     6 | D        | Reached XP level 8. HP: 10/57 MP: 3/28
     6 | D        | Reached XP level 9. HP: 10/62 MP: 3/29
     6 | D        | Reached XP level 10. HP: 10/68 MP: 3/30
     6 | D        | Reached XP level 11. HP: 10/74 MP: 3/31
     7 | D        | Killed a bag of meat
     7 | D        | Reached skill level 24 in Unarmed Combat
     7 | D        | Reached XP level 12. HP: 10/81 MP: 3/33
     8 | D        | Noticed a meat berserker
     8 | D        | Noticed a meat berserker
    11 | D        | Noticed a bag of meat
    11 | D        | Noticed a bag of meat
    11 | D        | Noticed a meat berserker
    11 | D        | Mangled by a meat berserker

Action                   |  1- 3 |  4- 6 |  7- 9 | 10-12 || total
-------------------------+-------+-------+-------+-------++-------
Melee: Executioner's axe |     1 |       |       |     1 ||     2
       Unarmed           |       |       |       |     1 ||     1
  Use: Potion            |       |       |       |     2 ||     2
